 Adventure DCSS version bcrawl-1.37.2 (webtiles) character file.

Game seed: 13013443043882550711

183625 rsvaco the Protected (level 7, -6/64 HPs)
             Began as a Minotaur Fighter on Dec 30, 2022.
             Was a Believer of Uskayaw.
             Mangled by a four-headed hydra (12 damage)
             ... on level 7 of the Dungeon.
             The game lasted 00:18:35 (5704 turns).

rsvaco the Protected (Minotaur Fighter)             Turns: 5704, Time: 00:18:35

Health: -6/64      AC:  9    Str: 24    XL:     7   Next: 88%
Magic:  6/6        EV:  9    Int:  5    God:    Uskayaw [**....]
Gold:   274        SH: 11    Dex: 10    Spells: 6/6 levels left
                                        Lives:  0   Deaths: 2

rFire    . . .     GDR:     29% N - +1 spear (venom)
rCold    + + .     SeeInvis +   c - +0 medium shield
rNeg     . . .     Gourm    .   b - +0 scale mail
rPois    .         Faith    .   (helmet restricted)
rElec    +         Spirit   .   y - +0 cloak
rCorr    .         Reflect  .   (no gloves)
MR       +....                  (no boots)
Stlth    ..........             (no amulet)
HPRegen  0.20/turn              l - ring of see invisible
MPRegen  0.10/turn              A - ring of Zieqargh {rElec rC++ MR+} (curse)

@: no status effects
A: retaliatory headbutt, horns 2
a: Stomp, Renounce Religion


You were on level 7 of the Dungeon.
You worshipped Uskayaw.
Uskayaw was noncommittal.
You were not hungry.

You visited 2 branches of the dungeon, and saw 8 of its levels.

You collected 484 gold pieces.
You spent 210 gold pieces at shops.

Inventory:

Hand Weapons
 a - a +0 rapier
 d - a +4 falchion
 f - a +0 flail
 n - a +2 quarterstaff of chaos
 s - a +1 dagger of freezing
 v - a -2 mace
 w - a +1 short sword of venom
 D - the +6 hand axe "Yziwn" {drain, *Drain rF+ Str+4 Stlth+, unknown}
   (You found it on level 4 of the Dungeon)

   A truly terrible weapon, it drains the life of those it strikes.
   It affects your strength (+4).
   It protects you from fire.
   It causes draining when unequipped.
   It makes you more stealthy.
 I - a +0 shortbow
 N - a +1 spear of venom (weapon)
Missiles
 j - 144 poisoned tomahawks (quivered)
 H - 340 arrows
 L - a throwing net {=f}
Armour
 b - a +0 scale mail (worn)
 c - a +0 medium shield (worn)
 m - a +0 ring mail
 y - a +0 cloak (worn)
 B - the cursed +0 ring mail of Death Resistance {rN+ Stlth+, unknown}
   (You found it on level 4 of the Dungeon)

   It protects you from negative energy.
   It makes you more stealthy.
   It has a curse placed upon it.
 E - a scarf of spirit shield
Jewellery
 g - an uncursed ring of see invisible
 l - a ring of see invisible (left hand)
 A - the cursed ring of Zieqargh (right hand) {rElec rC++ MR+}
   (You bought it in a shop on level 4 of the Dungeon)

   [ring of insulation]

   It greatly protects you from cold.
   It insulates you from electricity.
   It affects your resistance to hostile enchantments.
   It has a curse placed upon it.
 F - an uncursed ring of poison resistance {unknown}
Wands
 G - a wand of flame (10)
 J - a wand of random effects (7)
 K - a wand of polymorph (9)
Scrolls
 i - 3 scrolls of identify
 k - a scroll of fog
 o - 4 scrolls of teleportation
 q - a scroll of amnesia
 r - a scroll of magic mapping
 x - 2 scrolls of enchant weapon {unknown}
 M - a scroll of remove curse
Potions
 h - a potion of curing
 p - a potion of haste {unknown}
 t - a potion of degeneration {unknown}
 u - a potion of magic {unknown}
 z - a potion of berserk rage {unknown}
 C - a potion of agility
Comestibles
 e - 4 rations {!d}


   Skills:
 + Level 6.4 Fighting
 + Level 5.2(6.9) Short Blades
 + Level 7.6(8.5) Long Blades
 + Level 8.2 Armour
 + Level 4.9 Dodging
 + Level 1.9 Stealth
 + Level 8.1 Shields


You had 6 spell levels left.
You didn't know any spells.
Your spell library contained the following spells:

 Spells                   Type           Power        Failure   Level  Hunger
 Beastly Appendage        Tmut           #.....       100%        1    None
 Magic Dart               Conj           #...         100%        1    None
 Blink                    Tloc           N/A          100%        2    ####...
 Call Imp                 Summ           #.....       100%        2    ####...
 Passwall                 Tmut/Erth      #.......     100%        2    ####...
 Sticks to Snakes         Tmut           #.......     100%        2    ####...
 Conjure Flame            Conj/Fire      #.......     100%        3    #####..
 Mephitic Cloud           Conj/Pois/Air  #.......     100%        3    #####..
 Spider Form              Tmut/Pois      #..          100%        3    #####..
 Ice Form                 Ice/Tmut       #.......     100%        4    ######.
 Blade Hands              Tmut           #.........   100%        5    #######


Dungeon Overview and Level Annotations

Branches:
Dungeon (7/12)             Temple (1/1) D:4
   Lair: D:7-9

Altars:
Ashenzari
Cheibriados
Elyvilon
Fedhas
Gozag
Kikubaaqudgha
Lugonu
Makhleb
Nemelex Xobeh
Okawaru
Trog
Uskayaw
Vehumet
Wu Jian
Xom
Yredelemnul
Zin
The Shining One

Shops:
D:4 *


Innate Abilities, Weirdness & Mutations

You reflexively headbutt those who attack you in melee.
You have a pair of horns on your head.


Message History

The orc wizard is no longer paralysed. x2; The orc wizard barely misses you.
You block the orc wizard's attack.
Uskayaw will force your foes to helplessly watch your dance.
The kobold is no longer paralysed.
The orc is no longer paralysed.
The orc wizard casts a cantrip, but nothing happens.
The orc wizard begins to cast a cantrip, but forgets the words!
The four-headed hydra is no longer sharing its pain.
You block the orc wizard's attack.
You see here 16 gold pieces.
You block the orc wizard's attack.
You can no longer pass through a line of other dancers.
Uskayaw no longer protects you from magical silence.
You see here 21 gold pieces.
You barely miss the four-headed hydra.
You headbutt the four-headed hydra, but do no damage.
The four-headed hydra is heavily wounded.
The orc wizard looks satisfied for a moment.
The orc wizard points at you and mumbles some strange words.
The puff of flame misses you. The four-headed hydra bites you!
You die...

############
......../.#F
?.........#†
#########..^.....#.
#.......#........#.
#.......#..........
#!....$.#..........
#..o....#..........
#.@K.o..)..<.......
#.Do.............##
#.......#......!..
#...[...######.###
#.......# #.
######### #.


You could see a four-headed hydra, 2 orc wizards, an orc and a kobold.

Vanquished Creatures
  Pikel (D:6)
  A troll (D:5)
  Grinder (D:3)
  A hungry ghost (D:7)
  Duvessa (D:4)
  An orc warrior (D:7)
  A slave (D:6)
  A sky beast (D:4)
  A phantom (D:6)
  7 ogres
  A kobold brigand (D:7)
  2 bullfrogs
  Dowan (D:4)
  A centaur (D:5)
  A water moccasin skeleton (D:5)
  A wight (D:3)
  2 howler monkeys (D:7)
  An orc priest (D:5)
  2 crimson imps (D:6)
  A hound (D:6)
  2 jellies
  2 orc wizards (D:6)
  A bullfrog skeleton (D:6)
  Crazy Yiuf (D:3)
  Natasha (twice) (D:3)
  5 worker ants
  A hound skeleton (D:5)
  5 adders
  2 adder skeletons
  7 worms
  6 dart slugs
  2 leopard geckos
  13 orcs
  2 ball pythons (D:3)
  4 giant cockroaches
  2 goblins
  13 hobgoblins
  5 jackals
  7 kobolds
  3 quokkas (D:3)
  5 bats
  A frilled lizard (D:1)
  A jackal skeleton (D:4)
  7 rats
  A bush (D:3)
  A butterfly (Temple)
  A fungus (D:3)
131 creatures vanquished.

Notes
Turn   | Place    | Note
-------+----------+-------------------------------------------
     0 | D:1      | rsvaco the Minotaur Fighter began the quest for the Orb.
     0 | D:1      | Reached XP level 1. HP: 19/19 MP: 0/0
   185 | D:1      | Reached XP level 2. HP: 27/27 MP: 1/1
   359 | D:1      | Reached XP level 3. HP: 28/33 MP: 2/2
   942 | D:2      | Found a radiant altar of Vehumet.
  1165 | D:2      | Found a hide-covered altar of Uskayaw.
  1165 | D:2      | Noticed a +0 spear
  1165 | D:2      | Noticed a +0 short sword
  1165 | D:2      | Noticed a +0 dagger
  1166 | D:2      | Noticed a +0 falchion
  1166 | D:2      | Noticed a +0 falchion
  1167 | D:2      | Noticed a +0 spear
  1171 | D:2      | Noticed a +0 dagger
  1171 | D:2      | Noticed a +0 short sword
  1232 | D:2      | Became a worshipper of Uskayaw the Reveler
  1412 | D:2      | Reached * piety under Uskayaw
  1509 | D:2      | Reached XP level 4. HP: 37/40 MP: 3/3
  1891 | D:3      | Reached ** piety under Uskayaw
  2056 | D:3      | Noticed Grinder
  2057 | D:3      | Paralysed by Grinder for 2 turns
  2062 | D:3      | Paralysed by Grinder for 4 turns
  2076 | D:3      | Killed Grinder
  2076 | D:3      | Reached *** piety under Uskayaw
  2077 | D:3      | Reached skill level 5 in Armour
  2077 | D:3      | Reached XP level 5. HP: 18/47 MP: 4/4
  2077 | D:3      | Reached XP level 6. HP: 20/53 MP: 5/5
  2557 | D:3      | Reached skill level 1 in Dodging
  2611 | D:3      | Reached skill level 5 in Short Blades
  2712 | D:3      | Noticed Natasha
  2716 | D:3      | Killed Natasha
  2779 | D:3      | Found a runed door.
  2917 | D:3      | Noticed Natasha
  2927 | D:3      | Killed Natasha
  2928 | D:3      | Reached skill level 5 in Shields
  3015 | D:3      | Noticed Crazy Yiuf
  3023 | D:3      | Killed Crazy Yiuf
  3152 | D:4      | Noticed Duvessa
  3152 | D:4      | Noticed Dowan
  3163 | D:4      | Killed Duvessa
  3164 | D:4      | Reached skill level 1 in Long Blades
  3164 | D:4      | Reached XP level 7. HP: 22/60 MP: 6/6
  3173 | D:4      | Killed Dowan
  3271 | D:4      | Found a shattered altar of Ashenzari.
  3327 | D:4      | Found a staircase to the Ecumenical Temple.
  3333 | D:4      | Reached skill level 5 in Fighting
  3339 | Temple   | Entered the Ecumenical Temple
  3551 | D:4      | Found Mydon's Assorted Antiques.
  3556 | D:4      | Bought a scroll of identify for 60 gold pieces
  3556 | D:4      | Bought a crude ivory ring for 150 gold pieces
  3556 | D:4      | Identified the cursed ring of Zieqargh {rElec rC++ MR+}
                  | (You bought it in a shop on level 4 of the Dungeon)
  3692 | D:4      | Got a bloodstained ring mail
  3811 | D:4      | Got a shimmering hand axe
  3817 | D:5      | Entered Level 5 of the Dungeon
  3817 | D:5      | Noticed a troll
  3837 | D:5      | Reached **** piety under Uskayaw
  3840 | D:5      | Killed a troll
  3840 | D:5      | Reached ***** piety under Uskayaw
  3841 | D:5      | Reached skill level 1 in Stealth
  3841 | D:5      | Reached XP level 8. HP: 31/68 MP: 7/7
  4386 | D:5      | Reached skill level 5 in Long Blades
  4637 | D:5      | Found a glowing silver altar of Zin.
  5282 | D:6      | Found a shimmering altar of Xom.
  5282 | D:6      | Found a burning altar of Makhleb.
  5382 | D:6      | Found an ancient bone altar of Kikubaaqudgha.
  5433 | D:6      | Reached XP level 9. HP: 75/75 MP: 8/8
  5514 | D:6      | Noticed Pikel
  5525 | D:6      | Killed Pikel
  5624 | D:7      | Found an iron altar of Okawaru.
  5643 | D:7      | Noticed a four-headed hydra
  5648 | D:7      | Reached ****** piety under Uskayaw
  5654 | D:7      | HP: 3/77 [orc wizard/puff of flame (4)]
  5654 | D:7      | Slain by a bullfrog
  5655 | D:7      | Reached XP level 8. HP: 0/71 MP: 7/7
  5676 | D:7      | Slain by an orc warrior
  5677 | D:7      | Reached XP level 7. HP: -3/64 MP: 6/6
  5704 | D:7      | Mangled by a four-headed hydra

Skill      XL: |  1  2  3  4  5  6  7  8  9 |
---------------+----------------------------+-----
Shields        | 4 5 8 6 7 |  8.1
Armour         | 4 5 6 7 8 |  8.2
Fighting       | 4 5 6 |  6.4
Short Blades   | 3 4 5 |  5.2
Dodging        | 1 2 4 |  4.9
Long Blades    | 1 3 6 7 |  7.6
Stealth        | 1 |  1.9

Action                   |  1- 3 |  4- 6 |  7- 9 || total
-------------------------+-------+-------+-------++-------
Melee: Rapier            |   106 |    36 |       ||   142
       Headbutt          |    19 |    45 |    48 ||   112
       Falchion          |       |   101 |   197 ||   298
       Spear             |       |       |    10 ||    10
Invok: Lunge             |       |       |     4 ||     4
  Use: Potion            |       |     4 |     4 ||     8
       Scroll            |       |     6 |     1 ||     7
 Stab: Paralysed         |       |       |     3 ||     3
  Eat: Chunk             |     3 |     1 |     7 ||    11
       Ration            |     1 |     2 |     1 ||     4
Armor: Scale mail        |    34 |    26 |    88 ||   148
Dodge: Dodged            |    16 |     9 |    83 ||   108
Block: Medium shield     |    44 |    48 |   160 ||   252
